Crunch vs Punishers
Created - January 2, 2022 at 19:16
Goals
|
| Crunch |
2 |
0 |
2 |
4 |
| Punishers |
2 |
0 |
5 |
7 |
|
Shots
|
| Crunch |
9 |
6 |
11 |
26 |
| Punishers |
13 |
7 |
23 |
43 |
|
1st period
1. Crunch , William Nylander 12 (Jeremy Lauzon 2, Brock Boeser 12) at 12:40
2. Punishers , Connor Clifton 1 (Austen Brassard 3, John Quenneville 3) at 16:17
3. Punishers , Zack Hamill 8 (Corey Tropp 11) at 16:59 (PP)
4. Crunch , Anatoli Golyshev 4 (Brendan Guhle 3, Christoffer Ehn 3) at 19:39
Penalties :
Jacob Larsson (Syr) for Tripping (Minor) at 2:42, Daniel Audette (Pro) for Holding Stick (Minor) at 5:28, Daniel Audette (Pro) for Hooking (Minor) at 9:21, Jacob Larsson (Syr) for Hooking (Minor) at 16:53
2nd period
No Goal
Penalties :
Brett Kulak (Pro) for Tripping (Minor) at 13:22, Dalton Smith (Syr) for Tripping (Minor) at 17:51
3rd period
5. Punishers , Tyler Bertuzzi 9 (Zack Hamill 12, Brett Kulak 4) at 2:05 (PP)
6. Punishers , Artem Zub 1 (Zack Hamill 13, John Quenneville 4) at 5:40
7. Punishers , John Quenneville 5 (Noah Juulsen 3) at 6:35
8. Crunch , Teemu Hartikainen 5 (Nicolas Aube-Kubel 6, Noah Hanifin 13) at 10:14
9. Punishers , Anton Blidh 1 (Daniel Audette 1, Noah Juulsen 4) at 11:05
10. Crunch , Anthony Cirelli 2 (William Nylander 11, Teemu Hartikainen 7) at 16:38
11. Punishers , Noah Juulsen 2 (Anton Blidh 4, Daniel Audette 2) at 19:24
Penalties :
William Nylander (Syr) for High sticking (Minor) at 0:48, Zack Hamill (Pro) for Cross-checking (Minor) at 3:11, Brendan Guhle (Syr) for Hooking (Minor) at 19:51
Goalie Stats
Kaapo Kahkonen (Syr), 36 saves from 43 shots - (0.837), L, 5-3-2, 60:00 minutes
Louis Domingue (Pro), 22 saves from 26 shots - (0.846), W, 6-3-1, 60:00 minutes
Players Stats for Crunch
Player Name G A P +/- PIM S H SB GA TA FO MP PP MP PK MP
------------------------------------------------------------------------------------
Anatoli Golyshev 1 0 1 -2 0 2 0 0 0 0 0/0 11:01 0:00 0:00
Anthony Cirelli 1 0 1 1 0 2 2 2 1 1 13/41 23:11 4:10 3:40
Brendan Guhle 0 1 1 0 2 4 3 4 0 2 0/0 31:41 3:14 3:19
Brock Boeser 0 1 1 1 0 1 1 0 0 0 1/4 19:32 4:05 0:00
Christoffer Ehn 0 1 1 -2 0 0 1 1 0 1 4/13 13:45 0:35 1:34
Connor Bunnaman 0 0 0 0 0 0 2 0 0 0 2/3 6:26 0:00 0:00
Dalton Smith 0 0 0 -1 2 1 2 0 1 0 0/0 8:04 0:33 0:21
Dylan Strome 0 0 0 1 0 2 1 0 0 0 2/6 16:32 3:30 0:00
Jacob Larsson 0 0 0 -2 4 1 3 1 0 0 0/0 21:41 1:08 1:13
Jeremy Lauzon 0 1 1 0 0 2 0 1 0 1 0/0 19:47 2:57 2:07
Jordan Oesterle 0 0 0 0 0 0 0 1 0 0 0/0 4:37 2:21 0:57
Kevin Fiala 0 0 0 -3 0 1 0 0 1 1 0/0 12:09 0:32 0:00
Mitch Callahan 0 0 0 -1 0 1 1 0 0 0 0/0 7:17 0:21 0:00
Nicolas Aube-Kubel 0 1 1 1 0 3 1 0 0 0 0/0 17:43 3:30 1:11
Noah Hanifin 0 1 1 1 0 1 2 1 0 1 0/0 27:02 4:24 3:22
Sean Walker 0 0 0 -1 0 0 0 1 0 0 0/0 13:17 0:45 0:00
Teemu Hartikainen 1 1 2 1 0 1 1 2 0 0 0/0 20:23 3:30 3:34
William Nylander 1 1 2 1 2 4 2 0 0 0 1/2 20:18 4:05 0:38
Players Stats for Punishers
Player Name G A P +/- PIM S H SB GA TA FO MP PP MP PK MP
------------------------------------------------------------------------------------
Alex Schoenborn 0 0 0 0 0 0 0 0 0 0 0/0 0:00 0:00 0:00
Alexander Nylander 0 0 0 0 0 0 0 0 0 0 0/0 0:00 0:00 0:00
Anton Blidh 1 1 2 3 0 2 2 0 0 0 0/0 8:50 0:00 1:41
Artem Zub 1 0 1 -1 0 4 0 1 1 0 0/0 20:31 2:10 3:07
Austen Brassard 0 1 1 1 0 1 0 0 0 0 0/1 9:26 0:00 0:00
Beck Malenstyn 0 0 0 0 0 0 0 0 0 0 0/0 0:00 0:00 0:00
Ben Betker 0 0 0 1 0 3 0 3 0 1 0/0 28:45 3:19 4:49
Brett Kulak 0 1 1 1 2 2 2 0 2 0 0/0 27:25 3:19 3:21
Carter Ashton 0 0 0 -2 0 5 2 1 0 0 0/0 15:35 1:51 0:00
Chrstian Dvorak 0 0 0 -2 0 0 1 1 0 1 1/2 15:51 1:51 0:16
Connor Clifton 1 0 1 1 0 1 0 1 0 0 0/0 12:03 0:00 1:28
Corey Tropp 0 1 1 -1 0 2 0 0 2 0 1/1 23:34 3:38 3:49
Daniel Audette 0 2 2 2 4 0 1 0 0 0 2/3 8:00 0:00 0:52
Gabriel Gagne 0 0 0 0 0 0 0 0 0 0 0/1 1:58 0:00 1:58
John Quenneville 1 2 3 2 0 2 0 0 0 0 4/8 10:34 0:00 0:38
Michael Joly 0 0 0 2 0 0 1 0 0 0 0/0 6:39 0:00 0:00
Nicolas Roy 0 0 0 0 0 0 0 0 0 0 0/0 0:00 0:00 0:00
Nikita Gusev 0 0 0 1 0 1 1 1 1 0 0/0 9:26 0:00 0:00
Niko Mikkola 0 0 0 1 0 0 1 0 0 0 0/0 10:44 0:00 0:00
Noah Juulsen 1 2 3 -1 0 3 0 3 0 1 0/0 20:31 2:10 3:07
Radek Faksa 0 0 0 -2 0 5 2 0 0 0 8/11 17:38 1:51 1:54
Tyler Bertuzzi 1 0 1 -1 0 5 2 0 1 0 3/4 21:26 3:38 1:54
Zack Hamill 1 2 3 0 2 7 2 0 0 0 27/38 23:04 3:38 2:50
3 Stars
1 - John Quenneville (Pro)
2 - Anton Blidh (Pro)
3 - Noah Juulsen (Pro)
Power Play
Crunch - 0 on 4 Attempt(s) - 0.00%
Punishers - 2 on 5 Attempt(s) - 40.00%
Penalty Kill
Crunch - 3 on 5 Attempt(s) - 60.00%
- Score 0 goal in Penalty Kill
Punishers - 4 on 4 Attempt(s) - 100.00%
- Score 0 goal in Penalty Kill
Team Stat
Crunch - Hits : 22 - Faceoff Wins : 23 - Blocked Shots : 14 - Penalty Minutes : 10
Punishers - Hits : 17 - Faceoff Wins : 46 - Blocked Shots : 11 - Penalty Minutes : 8
Official
Referees : Marc Joannette and TJ Luxmore
Linesman : Bryan Pancich and David Brisebois
Game Notes
Jordan Oesterle is injured at 12:44 of 1st period (Broken Right Index Finger)
Finance
Level 1 -- Attendance: 1981 (99.05%) -- Ticket Income $69,335
Level 2 -- Attendance: 843 (84.30%) -- Ticket Income $12,645
Total Attendance: 2824 (94.13%)
Total Ticket Income: $81,980
Other Income: $4,099
Total Income: $86,079
Crunch
5 vs 5 Forward
Center Left Wing Right Wing Time % Phy DF OF
1 Anthony Cirelli William Nylander Brock Boeser 40 1 2 2
2 Dylan Strome Teemu Hartikainen Nicolas Aube-Kubel 30 1 2 2
3 Christoffer Ehn Anatoli Golyshev Kevin Fiala 20 1 2 2
4 Connor Bunnaman Dalton Smith Mitch Callahan 10 1 2 2
5 vs 5 Defense
Defense Defense Time % Phy DF OF
1 Noah Hanifin Jordan Oesterle 40 1 2 2
2 Jeremy Lauzon Brendan Guhle 30 1 2 2
3 Sean Walker Jacob Larsson 20 1 2 2
4 Noah Hanifin Brendan Guhle 10 1 2 2
PowerPlay Forward
Center Left Wing Right Wing Time % Phy DF OF
1 Anthony Cirelli William Nylander Brock Boeser 60 1 1 3
2 Dylan Strome Teemu Hartikainen Nicolas Aube-Kubel 40 1 1 3
PowerPlay Defense
Defense Defense Time % Phy DF OF
1 Noah Hanifin Jordan Oesterle 60 1 2 2
2 Jeremy Lauzon Brendan Guhle 40 1 2 2
Penalty Kill 4 Players Forward
Center Wing Time % Phy DF OF
1 Anthony Cirelli Teemu Hartikainen 60 1 2 2
2 Christoffer Ehn Nicolas Aube-Kubel 40 1 2 2
Penalty Kill 4 Players Defense
Defense Defense Time % Phy DF OF
1 Noah Hanifin Brendan Guhle 60 1 2 2
2 Jeremy Lauzon Jordan Oesterle 40 1 2 2
Penalty Kill - 3 Players Forward
Forward Time % Phy DF OF
1 Anthony Cirelli 60 1 2 2
2 Christoffer Ehn 40 1 2 2
Penalty Kill - 3 Players Defense
Defense Defense Time % Phy DF OF
1 Noah Hanifin Brendan Guhle 60 1 2 2
2 Jeremy Lauzon Jordan Oesterle 40 1 2 2
4 vs 4 Forward
Center Wing Time % Phy DF OF
1 Anthony Cirelli William Nylander 60 1 2 2
2 Dylan Strome Brock Boeser 40 1 2 2
4 vs 4 Defense
Defense Defense Time % Phy DF OF
1 Noah Hanifin Jordan Oesterle 60 1 2 2
2 Jeremy Lauzon Brendan Guhle 40 1 2 2
Last Minutes Offensive
Center Left Wing Right Wing Defense Defense
Anthony Cirelli Teemu Hartikainen Brock Boeser Noah Hanifin Brendan Guhle
Last Minutes Defensive
Center Left Wing Right Wing Defense Defense
Anthony Cirelli Teemu Hartikainen Brock Boeser Noah Hanifin Brendan Guhle
Goaltenders
Starting : Kaapo Kahkonen
Backup : Josef Korenar
Extra Forwards
Normal : William Nylander, Brock Boeser, Dalton Smith - PP : Nicolas Aube-Kubel, Kevin Fiala - PK : Dalton Smith
Extra Defensemen
Normal : Brendan Guhle, Noah Hanifin, Jordan Oesterle - PP : Jacob Larsson - PK : Jacob Larsson, Jordan Oesterle
Penalty Shots
Teemu Hartikainen, Brock Boeser, William Nylander, Nicolas Aube-Kubel, Kevin Fiala
Scratches
Charles-Olivier Roussel (Healthy), Kyle Capobianco (Healthy), Max McCormick (Healthy), Michael Downing (Healthy)
Punishers
5 vs 5 Forward
Center Left Wing Right Wing Time % Phy DF OF
1 Zack Hamill Tyler Bertuzzi Corey Tropp 40 1 2 2
2 Radek Faksa Chrstian Dvorak Carter Ashton 30 1 2 2
3 John Quenneville Nikita Gusev Austen Brassard 20 1 2 2
4 Daniel Audette Anton Blidh Michael Joly 10 1 2 2
5 vs 5 Defense
Defense Defense Time % Phy DF OF
1 Brett Kulak Ben Betker 40 1 2 2
2 Artem Zub Noah Juulsen 30 1 2 2
3 Niko Mikkola Connor Clifton 20 1 2 2
4 Brett Kulak Ben Betker 10 1 2 2
PowerPlay Forward
Center Left Wing Right Wing Time % Phy DF OF
1 Zack Hamill Tyler Bertuzzi Corey Tropp 60 1 2 2
2 Radek Faksa Chrstian Dvorak Carter Ashton 40 1 2 2
PowerPlay Defense
Defense Defense Time % Phy DF OF
1 Brett Kulak Ben Betker 60 1 2 2
2 Artem Zub Noah Juulsen 40 1 2 2
Penalty Kill 4 Players Forward
Center Wing Time % Phy DF OF
1 Zack Hamill Corey Tropp 60 1 2 2
2 Tyler Bertuzzi Radek Faksa 40 1 2 2
Penalty Kill 4 Players Defense
Defense Defense Time % Phy DF OF
1 Brett Kulak Ben Betker 60 1 2 2
2 Artem Zub Noah Juulsen 40 1 2 2
Penalty Kill - 3 Players Forward
Forward Time % Phy DF OF
1 Zack Hamill 60 1 2 2
2 Corey Tropp 40 1 2 2
Penalty Kill - 3 Players Defense
Defense Defense Time % Phy DF OF
1 Brett Kulak Ben Betker 60 1 2 2
2 Artem Zub Noah Juulsen 40 1 2 2
4 vs 4 Forward
Center Wing Time % Phy DF OF
1 Zack Hamill Corey Tropp 60 1 2 2
2 Tyler Bertuzzi Radek Faksa 40 1 2 2
4 vs 4 Defense
Defense Defense Time % Phy DF OF
1 Brett Kulak Ben Betker 60 1 2 2
2 Artem Zub Noah Juulsen 40 1 2 2
Last Minutes Offensive
Center Left Wing Right Wing Defense Defense
Zack Hamill Tyler Bertuzzi Corey Tropp Brett Kulak Ben Betker
Last Minutes Defensive
Center Left Wing Right Wing Defense Defense
Zack Hamill Tyler Bertuzzi Corey Tropp Brett Kulak Ben Betker
Goaltenders
Starting : Louis Domingue
Backup : Daniel Altshuller
Extra Forwards
Normal : Alex Schoenborn, Alexander Nylander, Gabriel Gagne - PP : Alex Schoenborn, Alexander Nylander - PK : Gabriel Gagne
Extra Defensemen
Normal : Niko Mikkola, Connor Clifton, Artem Zub - PP : Niko Mikkola - PK : Connor Clifton, Artem Zub
Penalty Shots
Zack Hamill, Corey Tropp, Tyler Bertuzzi, Radek Faksa, Carter Ashton
Scratches
Andreas Athanasiou (Healthy), Austin Wagner (Healthy), Fredrik Claesson (Dislocated Patella Injury)
% Time on Ice - Crunch
Lines # - Real PCT - Wanted PCT - Time Play
Normal Forward
1 - 35% - 40% - 16:06
2 - 28% - 30% - 13:02
3 - 24% - 20% - 11:01
4 - 14% - 10% - 6:26
Normal Defense
1 - 46% - 40% - 21:13
2 - 23% - 30% - 10:44
3 - 27% - 20% - 12:29
4 - 5% - 10% - 2:09
PP Forward
1 - 56% - 60% - 4:26
2 - 44% - 40% - 3:30
PP Defense
1 - 72% - 60% - 5:45
2 - 28% - 40% - 2:11
PK Forward
1 - 78% - 60% - 4:18
2 - 22% - 40% - 1:11
PK Defense
1 - 61% - 60% - 3:22
2 - 39% - 40% - 2:07
PK3 Forward
1 - 0% - 60%
2 - 0% - 40%
PK3 Defense
1 - 0% - 60%
2 - 0% - 40%
44 Forward
1 - 0% - 60%
2 - 0% - 40%
44 Defense
1 - 0% - 60%
2 - 0% - 40%
Last Minute Offensive - 0:00
Last Minute Defensive - 0:00
Total
Forward - 60:00
Defense - 60:00
|
% Time on Ice - Punishers
Lines # - Real PCT - Wanted PCT - Time Play
Normal Forward
1 - 36% - 40% - 16:37
2 - 30% - 30% - 13:53
3 - 20% - 20% - 9:26
4 - 14% - 10% - 6:39
Normal Defense
1 - 42% - 40% - 19:36
2 - 33% - 30% - 15:14
3 - 22% - 20% - 10:23
4 - 3% - 10% - 1:22
PP Forward
1 - 66% - 60% - 3:38
2 - 34% - 40% - 1:51
PP Defense
1 - 60% - 60% - 3:19
2 - 40% - 40% - 2:10
PK Forward
1 - 76% - 60% - 6:02
2 - 24% - 40% - 1:54
PK Defense
1 - 61% - 60% - 4:49
2 - 39% - 40% - 3:07
PK3 Forward
1 - 0% - 60%
2 - 0% - 40%
PK3 Defense
1 - 0% - 60%
2 - 0% - 40%
44 Forward
1 - 0% - 60%
2 - 0% - 40%
44 Defense
1 - 0% - 60%
2 - 0% - 40%
Last Minute Offensive - 0:00
Last Minute Defensive - 0:00
Total
Forward - 60:00
Defense - 60:00
|
Play-by-Play
1st period
0:01 of 1st period - Brock Boeser wins face-off versus Zack Hamill in neutral zone.
0:03 of 1st period - Off-side.
0:04 of 1st period - Zack Hamill wins face-off versus Anthony Cirelli in neutral zone.
0:35 of 1st period - Wrist shot by Nicolas Aube-Kubel.
0:35 of 1st period - Shot Blocked by Ben Betker.
0:37 of 1st period - Snap shot by Dylan Strome.
0:37 of 1st period - Stopped by Louis Domingue without a rebound.
0:38 of 1st period - Christoffer Ehn wins face-off versus John Quenneville in Punishers zone.
0:52 of 1st period - Off-side.
0:53 of 1st period - Daniel Audette wins face-off versus Connor Bunnaman in neutral zone.
0:56 of 1st period - Sean Walker is hit by Michael Joly and loses puck.
1:19 of 1st period - Nicolas Aube-Kubel is hit by Niko Mikkola and loses puck.
1:26 of 1st period - Backhand shot by Carter Ashton.
1:26 of 1st period - Stopped by Kaapo Kahkonen with a rebound.
1:28 of 1st period - Snap shot by Chrstian Dvorak.
1:28 of 1st period - Shot Misses the Net.
1:30 of 1st period - Snap shot by Carter Ashton.
1:30 of 1st period - Deflect By Radek Faksa.
1:30 of 1st period - Shot Misses the Net.
1:30 of 1st period - Puck is out of play.
1:31 of 1st period - Zack Hamill wins face-off versus Brock Boeser in Crunch zone.
1:32 of 1st period - Slapshot by Tyler Bertuzzi.
1:32 of 1st period - Stopped by Kaapo Kahkonen without a rebound.
1:33 of 1st period - Zack Hamill wins face-off versus Brock Boeser in Crunch zone.
1:38 of 1st period - Snap shot by Corey Tropp.
1:38 of 1st period - Stopped by Kaapo Kahkonen with a rebound.
1:48 of 1st period - Slapshot by Zack Hamill.
1:48 of 1st period - Stopped by Kaapo Kahkonen without a rebound.
1:49 of 1st period - John Quenneville wins face-off versus Christoffer Ehn in Crunch zone.
2:04 of 1st period - Wrist shot by Anatoli Golyshev.
2:04 of 1st period - Shot Blocked by Noah Juulsen.
2:42 of 1st period - Minor Penalty to Jacob Larsson for Tripping.
2:43 of 1st period - Tyler Bertuzzi wins face-off versus Anthony Cirelli in Crunch zone.
3:12 of 1st period - Slapshot by Carter Ashton.
3:12 of 1st period - Shot Misses the Net.
4:42 of 1st period - Penalty to Jacob Larsson is over, Jacob Larsson is back on ice.
5:04 of 1st period - Jacob Larsson is hit by Anton Blidh and loses puck.
5:28 of 1st period - Minor Penalty to Daniel Audette for Holding Stick.
5:29 of 1st period - Zack Hamill wins face-off versus Anthony Cirelli in Punishers zone.
7:28 of 1st period - Penalty to Daniel Audette is over, Daniel Audette is back on ice.
7:36 of 1st period - Slapshot by Radek Faksa.
7:36 of 1st period - Stopped by Kaapo Kahkonen without a rebound.
7:37 of 1st period - Connor Bunnaman wins face-off versus Radek Faksa in Crunch zone.
8:12 of 1st period - Snap shot by Kevin Fiala.
8:12 of 1st period - Shot Misses the Net.
8:22 of 1st period - Snap shot by Dylan Strome.
8:22 of 1st period - Shot Misses the Net.
9:21 of 1st period - Minor Penalty to Daniel Audette for Hooking.
9:22 of 1st period - Zack Hamill wins face-off versus Anthony Cirelli in Punishers zone.
11:21 of 1st period - Penalty to Daniel Audette is over, Daniel Audette is back on ice.
11:58 of 1st period - Snap shot by John Quenneville.
11:58 of 1st period - Shot Misses the Net.
12:14 of 1st period - Slapshot by Carter Ashton.
12:14 of 1st period - Stopped by Kaapo Kahkonen without a rebound.
12:15 of 1st period - Radek Faksa wins face-off versus Dylan Strome in Crunch zone.
12:18 of 1st period - Slapshot by Carter Ashton.
12:18 of 1st period - Stopped by Kaapo Kahkonen with a rebound.
12:36 of 1st period - Slapshot by Jeremy Lauzon.
12:36 of 1st period - Stopped by Louis Domingue with a rebound.
12:38 of 1st period - Wrist shot by William Nylander.
12:38 of 1st period - Stopped by Louis Domingue with a rebound.
12:40 of 1st period - Snap shot by William Nylander.
12:40 of 1st period - Goal by William Nylander - Crunch : 1 - Punishers : 0.
12:41 of 1st period - Zack Hamill wins face-off versus William Nylander in neutral zone.
12:44 of 1st period - Slapshot by Tyler Bertuzzi.
12:44 of 1st period - Shot Blocked by Jordan Oesterle.
12:44 of 1st period - Jordan Oesterle from Crunch is injured at 12:44 of 1st period (Broken Right Index Finger).
12:45 of 1st period - Zack Hamill wins face-off versus Anthony Cirelli in Crunch zone.
12:54 of 1st period - Snap shot by William Nylander.
12:54 of 1st period - Deflect By Anthony Cirelli.
12:54 of 1st period - Stopped by Louis Domingue with a rebound.
12:56 of 1st period - Wrist shot by Brock Boeser.
12:56 of 1st period - Shot Blocked by Ben Betker.
12:58 of 1st period - Wrist shot by William Nylander.
12:58 of 1st period - Deflect By Brock Boeser.
12:58 of 1st period - Shot Misses the Net.
12:58 of 1st period - Puck is out of play.
12:59 of 1st period - Zack Hamill wins face-off versus Anthony Cirelli in Punishers zone.
12:59 of 1st period - Zack Hamill is hit by Noah Hanifin.
13:05 of 1st period - Snap shot by Corey Tropp.
13:05 of 1st period - Stopped by Kaapo Kahkonen with a rebound.
13:07 of 1st period - Wrist shot by Zack Hamill.
13:07 of 1st period - Stopped by Kaapo Kahkonen with a rebound.
13:25 of 1st period - Radek Faksa is hit by Nicolas Aube-Kubel and loses puck.
13:37 of 1st period - Snap shot by Teemu Hartikainen.
13:37 of 1st period - Deflect By Dylan Strome.
13:37 of 1st period - Stopped by Louis Domingue with a rebound.
14:52 of 1st period - Snap shot by Teemu Hartikainen.
14:52 of 1st period - Shot Misses the Net.
14:58 of 1st period - Nicolas Aube-Kubel is hit by Radek Faksa and loses puck.
15:15 of 1st period - Wrist shot by John Quenneville.
15:15 of 1st period - Deflect By Nikita Gusev.
15:15 of 1st period - Shot Misses the Net.
15:15 of 1st period - Puck is out of play.
15:16 of 1st period - Anthony Cirelli wins face-off versus Zack Hamill in Crunch zone.
15:25 of 1st period - Wrist shot by Brock Boeser.
15:25 of 1st period - Shot Blocked by Artem Zub.
15:51 of 1st period - Snap shot by Radek Faksa.
15:51 of 1st period - Stopped by Kaapo Kahkonen with a rebound.
16:07 of 1st period - Slapshot by Carter Ashton.
16:07 of 1st period - Shot Misses the Net.
16:09 of 1st period - Slapshot by Artem Zub.
16:09 of 1st period - Shot Misses the Net.
16:11 of 1st period - Slapshot by Brett Kulak.
16:11 of 1st period - Shot Blocked by Brendan Guhle.
16:13 of 1st period - Wrist shot by John Quenneville.
16:13 of 1st period - Stopped by Kaapo Kahkonen with a rebound.
16:15 of 1st period - Snap shot by Austen Brassard.
16:15 of 1st period - Shot Blocked by Christoffer Ehn.
16:17 of 1st period - Slapshot by Connor Clifton.
16:17 of 1st period - Goal by Connor Clifton - Crunch : 1 - Punishers : 1.
16:18 of 1st period - Zack Hamill wins face-off versus Anthony Cirelli in neutral zone.
16:24 of 1st period - Brett Kulak is hit by Jacob Larsson and loses puck.
16:51 of 1st period - Snap shot by Chrstian Dvorak.
16:51 of 1st period - Shot Blocked by Teemu Hartikainen.
16:53 of 1st period - Minor Penalty to Jacob Larsson for Hooking.
16:54 of 1st period - Zack Hamill wins face-off versus Anthony Cirelli in Crunch zone.
16:57 of 1st period - Snap shot by Corey Tropp.
16:57 of 1st period - Shot Misses the Net.
16:59 of 1st period - Snap shot by Zack Hamill.
16:59 of 1st period - Goal by Zack Hamill - Crunch : 1 - Punishers : 2.
17:00 of 1st period - Zack Hamill wins face-off versus Anthony Cirelli in neutral zone.
17:34 of 1st period - Chrstian Dvorak is hit by Brendan Guhle and loses puck.
17:46 of 1st period - Off-side.
17:47 of 1st period - John Quenneville wins face-off versus Christoffer Ehn in neutral zone.
18:18 of 1st period - Slapshot by Noah Hanifin.
18:18 of 1st period - Deflect By Brock Boeser.
18:18 of 1st period - Stopped by Louis Domingue without a rebound.
18:19 of 1st period - Zack Hamill wins face-off versus Anthony Cirelli in Punishers zone.
18:36 of 1st period - Zack Hamill is hit by William Nylander and loses puck.
18:49 of 1st period - Icing by Zack Hamill.
18:50 of 1st period - Zack Hamill wins face-off versus Christoffer Ehn in Punishers zone.
19:31 of 1st period - Slapshot by Kevin Fiala.
19:31 of 1st period - Shot Misses the Net.
19:33 of 1st period - Slapshot by Christoffer Ehn.
19:33 of 1st period - Shot Blocked by Noah Juulsen.
19:35 of 1st period - Slapshot by Brendan Guhle.
19:35 of 1st period - Stopped by Louis Domingue with a rebound.
19:37 of 1st period - Slapshot by Brendan Guhle.
19:37 of 1st period - Shot Blocked by Noah Juulsen.
19:39 of 1st period - Snap shot by Anatoli Golyshev.
19:39 of 1st period - Goal by Anatoli Golyshev - Crunch : 2 - Punishers : 2.
19:40 of 1st period - Anthony Cirelli wins face-off versus Radek Faksa in neutral zone.
Goals for this period are 2 for Crunch vs 2 for Punishers.
Shots for this period are 9 for Crunch vs 13 for Punishers.
2nd period
0:01 of 2nd period - Zack Hamill wins face-off versus Anthony Cirelli in neutral zone.
0:26 of 2nd period - Dylan Strome is hit by Brett Kulak and loses puck.
0:52 of 2nd period - Connor Clifton is hit by Dalton Smith and loses puck.
1:17 of 2nd period - Daniel Audette is hit by Jacob Larsson and loses puck.
1:27 of 2nd period - Off-side.
1:28 of 2nd period - Corey Tropp wins face-off versus Anthony Cirelli in neutral zone.
1:37 of 2nd period - Snap shot by Tyler Bertuzzi.
1:37 of 2nd period - Stopped by Kaapo Kahkonen with a rebound.
1:43 of 2nd period - Snap shot by Zack Hamill.
1:43 of 2nd period - Stopped by Kaapo Kahkonen with a rebound.
2:35 of 2nd period - Anton Blidh is hit by Noah Hanifin and loses puck.
3:05 of 2nd period - Slapshot by Noah Hanifin.
3:05 of 2nd period - Stopped by Louis Domingue without a rebound.
3:06 of 2nd period - Zack Hamill wins face-off versus Anthony Cirelli in Punishers zone.
3:13 of 2nd period - Slapshot by Brett Kulak.
3:13 of 2nd period - Shot Blocked by Anthony Cirelli.
3:15 of 2nd period - Wrist shot by Tyler Bertuzzi.
3:15 of 2nd period - Shot Blocked by Brendan Guhle.
3:19 of 2nd period - Snap shot by Zack Hamill.
3:19 of 2nd period - Shot Misses the Net.
3:31 of 2nd period - Teemu Hartikainen is hit by Radek Faksa and loses puck.
4:02 of 2nd period - Icing by Noah Juulsen.
4:03 of 2nd period - Anthony Cirelli wins face-off versus Daniel Audette in Punishers zone.
4:13 of 2nd period - Off-side.
4:14 of 2nd period - Anthony Cirelli wins face-off versus Zack Hamill in neutral zone.
4:17 of 2nd period - Zack Hamill is hit by Brock Boeser and loses puck.
4:30 of 2nd period - Snap shot by Tyler Bertuzzi.
4:30 of 2nd period - Shot Misses the Net.
4:44 of 2nd period - Chrstian Dvorak is hit by Teemu Hartikainen and loses puck.
5:33 of 2nd period - Wrist shot by Anton Blidh.
5:33 of 2nd period - Deflect By Brendan Guhle.
5:33 of 2nd period - Shot Blocked by Noah Hanifin.
5:33 of 2nd period - Puck is out of play.
5:34 of 2nd period - Zack Hamill wins face-off versus Anthony Cirelli in Crunch zone.
5:47 of 2nd period - Slapshot by Zack Hamill.
5:47 of 2nd period - Stopped by Kaapo Kahkonen with a rebound.
5:49 of 2nd period - Wrist shot by Artem Zub.
5:49 of 2nd period - Stopped by Kaapo Kahkonen without a rebound.
5:50 of 2nd period - Radek Faksa wins face-off versus Dylan Strome in Crunch zone.
5:55 of 2nd period - Snap shot by Radek Faksa.
5:55 of 2nd period - Deflect By Dylan Strome.
5:55 of 2nd period - Shot Misses the Net.
5:55 of 2nd period - Puck is out of play.
5:56 of 2nd period - Dylan Strome wins face-off versus Chrstian Dvorak in Crunch zone.
6:25 of 2nd period - Snap shot by Anthony Cirelli.
6:25 of 2nd period - Deflect By Brock Boeser.
6:25 of 2nd period - Shot Misses the Net.
6:25 of 2nd period - Puck is out of play.
6:26 of 2nd period - Zack Hamill wins face-off versus Anthony Cirelli in Punishers zone.
6:35 of 2nd period - Slapshot by Zack Hamill.
6:35 of 2nd period - Shot Hit the Post.
6:51 of 2nd period - Chrstian Dvorak is hit by Dylan Strome and loses puck.
7:38 of 2nd period - Kevin Fiala is hit by Tyler Bertuzzi.
8:03 of 2nd period - Niko Mikkola is hit by William Nylander.
8:07 of 2nd period - William Nylander is hit by Daniel Audette and loses puck.
8:52 of 2nd period - Daniel Audette is hit by Connor Bunnaman and loses puck.
10:05 of 2nd period - Radek Faksa is hit by Jacob Larsson and loses puck.
10:29 of 2nd period - Dylan Strome is hit by Carter Ashton and loses puck.
11:30 of 2nd period - Snap shot by Nicolas Aube-Kubel.
11:30 of 2nd period - Shot Misses the Net.
11:32 of 2nd period - Snap shot by Teemu Hartikainen.
11:32 of 2nd period - Shot Misses the Net.
11:34 of 2nd period - Wrist shot by Jacob Larsson.
11:34 of 2nd period - Shot Blocked by Carter Ashton.
11:36 of 2nd period - Slapshot by Jacob Larsson.
11:36 of 2nd period - Stopped by Louis Domingue with a rebound.
11:38 of 2nd period - Slapshot by Dylan Strome.
11:38 of 2nd period - Deflect By Nicolas Aube-Kubel.
11:38 of 2nd period - Stopped by Louis Domingue without a rebound.
11:39 of 2nd period - Tyler Bertuzzi wins face-off versus Anthony Cirelli in Punishers zone.
11:39 of 2nd period - Tyler Bertuzzi is hit by Anthony Cirelli.
12:03 of 2nd period - Icing by Brett Kulak.
12:04 of 2nd period - Christoffer Ehn wins face-off versus Austen Brassard in Punishers zone.
12:18 of 2nd period - Slapshot by Ben Betker.
12:18 of 2nd period - Stopped by Kaapo Kahkonen without a rebound.
12:19 of 2nd period - Zack Hamill wins face-off versus Anthony Cirelli in Crunch zone.
12:22 of 2nd period - Wrist shot by Tyler Bertuzzi.
12:22 of 2nd period - Stopped by Kaapo Kahkonen with a rebound.
13:22 of 2nd period - Minor Penalty to Brett Kulak for Tripping.
13:23 of 2nd period - William Nylander wins face-off versus Zack Hamill in Punishers zone.
13:30 of 2nd period - Slapshot by Brock Boeser.
13:30 of 2nd period - Shot Misses the Net.
13:32 of 2nd period - Slapshot by Brendan Guhle.
13:32 of 2nd period - Stopped by Louis Domingue with a rebound.
15:13 of 2nd period - Radek Faksa is hit by Dalton Smith and loses puck.
15:22 of 2nd period - Penalty to Brett Kulak is over, Brett Kulak is back on ice.
15:33 of 2nd period - Icing by Christoffer Ehn.
15:34 of 2nd period - Connor Bunnaman wins face-off versus John Quenneville in Crunch zone.
15:41 of 2nd period - Wrist shot by Mitch Callahan.
15:41 of 2nd period - Stopped by Louis Domingue with a rebound.
16:32 of 2nd period - Snap shot by John Quenneville.
16:32 of 2nd period - Shot Misses the Net.
16:53 of 2nd period - Noah Hanifin is hit by Carter Ashton and loses puck.
17:19 of 2nd period - Brock Boeser is hit by Anton Blidh and loses puck.
17:51 of 2nd period - Minor Penalty to Dalton Smith for Tripping.
17:52 of 2nd period - Tyler Bertuzzi wins face-off versus Anthony Cirelli in Crunch zone.
18:02 of 2nd period - Wrist shot by Corey Tropp.
18:02 of 2nd period - Shot Misses the Net.
18:04 of 2nd period - Snap shot by Tyler Bertuzzi.
18:04 of 2nd period - Shot Blocked by Jacob Larsson.
18:06 of 2nd period - Snap shot by Tyler Bertuzzi.
18:06 of 2nd period - Shot Misses the Net.
18:08 of 2nd period - Snap shot by Ben Betker.
18:08 of 2nd period - Stopped by Kaapo Kahkonen with a rebound.
18:48 of 2nd period - Snap shot by Nicolas Aube-Kubel.
18:48 of 2nd period - Stopped by Louis Domingue without a rebound.
18:49 of 2nd period - Anthony Cirelli wins face-off versus Zack Hamill in Punishers zone.
19:04 of 2nd period - Noah Hanifin is hit by Chrstian Dvorak and loses puck.
19:51 of 2nd period - Penalty to Dalton Smith is over, Dalton Smith is back on ice.
Goals for this period are 0 for Crunch vs 0 for Punishers.
Shots for this period are 6 for Crunch vs 7 for Punishers.
3rd period
0:01 of 3rd period - Zack Hamill wins face-off versus Brock Boeser in neutral zone.
0:22 of 3rd period - Icing by Tyler Bertuzzi.
0:23 of 3rd period - Dylan Strome wins face-off versus Zack Hamill in Punishers zone.
0:26 of 3rd period - Snap shot by Teemu Hartikainen.
0:26 of 3rd period - Shot Blocked by Ben Betker.
0:32 of 3rd period - Slapshot by Ben Betker.
0:32 of 3rd period - Deflect By Teemu Hartikainen.
0:32 of 3rd period - Stopped by Kaapo Kahkonen without a rebound.
0:33 of 3rd period - Radek Faksa wins face-off versus Dylan Strome in Crunch zone.
0:36 of 3rd period - Slapshot by Carter Ashton.
0:36 of 3rd period - Shot Misses the Net.
0:38 of 3rd period - Slapshot by Radek Faksa.
0:38 of 3rd period - Shot Misses the Net.
0:40 of 3rd period - Slapshot by Ben Betker.
0:40 of 3rd period - Shot Misses the Net.
0:42 of 3rd period - Wrist shot by Carter Ashton.
0:42 of 3rd period - Stopped by Kaapo Kahkonen with a rebound.
0:44 of 3rd period - Slapshot by Ben Betker.
0:44 of 3rd period - Deflect By Carter Ashton.
0:44 of 3rd period - Shot Misses the Net.
0:44 of 3rd period - Puck is out of play.
0:45 of 3rd period - Anthony Cirelli wins face-off versus Zack Hamill in Crunch zone.
0:45 of 3rd period - Anthony Cirelli is hit by Brett Kulak.
0:48 of 3rd period - Minor Penalty to William Nylander for High sticking.
0:49 of 3rd period - Zack Hamill wins face-off versus Anthony Cirelli in Crunch zone.
0:51 of 3rd period - Wrist shot by Zack Hamill.
0:51 of 3rd period - Deflect By Corey Tropp.
0:51 of 3rd period - Shot Hit the Post.
0:51 of 3rd period - Puck is out of play.
0:52 of 3rd period - Anthony Cirelli wins face-off versus Zack Hamill in Crunch zone.
0:52 of 3rd period - Anthony Cirelli is hit by Zack Hamill.
1:08 of 3rd period - Snap shot by Corey Tropp.
1:08 of 3rd period - Shot Misses the Net.
1:51 of 3rd period - Snap shot by Zack Hamill.
1:51 of 3rd period - Shot Misses the Net.
2:05 of 3rd period - Wrist shot by Tyler Bertuzzi.
2:05 of 3rd period - Goal by Tyler Bertuzzi - Crunch : 2 - Punishers : 3.
2:06 of 3rd period - Radek Faksa wins face-off versus Christoffer Ehn in neutral zone.
2:13 of 3rd period - Off-side.
2:14 of 3rd period - Radek Faksa wins face-off versus Christoffer Ehn in neutral zone.
2:24 of 3rd period - Off-side.
2:25 of 3rd period - Radek Faksa wins face-off versus Anthony Cirelli in neutral zone.
2:49 of 3rd period - Jeremy Lauzon is hit by Zack Hamill and loses puck.
2:54 of 3rd period - Snap shot by Zack Hamill.
2:54 of 3rd period - Stopped by Kaapo Kahkonen with a rebound.
3:11 of 3rd period - Minor Penalty to Zack Hamill for Cross-checking.
3:12 of 3rd period - Anthony Cirelli wins face-off versus Gabriel Gagne in Punishers zone.
3:14 of 3rd period - Snap shot by William Nylander.
3:14 of 3rd period - Stopped by Louis Domingue with a rebound.
3:58 of 3rd period - Slapshot by Daniel Audette.
3:58 of 3rd period - Shot Misses the Net.
5:11 of 3rd period - Penalty to Zack Hamill is over, Zack Hamill is back on ice.
5:36 of 3rd period - Snap shot by John Quenneville.
5:36 of 3rd period - Shot Blocked by Jeremy Lauzon.
5:38 of 3rd period - Wrist shot by Zack Hamill.
5:38 of 3rd period - Stopped by Kaapo Kahkonen with a rebound.
5:40 of 3rd period - Slapshot by Artem Zub.
5:40 of 3rd period - Goal by Artem Zub - Crunch : 2 - Punishers : 4.
5:41 of 3rd period - Zack Hamill wins face-off versus Anthony Cirelli in neutral zone.
5:44 of 3rd period - Slapshot by Brett Kulak.
5:44 of 3rd period - Shot Blocked by Brendan Guhle.
6:27 of 3rd period - Snap shot by Austen Brassard.
6:27 of 3rd period - Stopped by Kaapo Kahkonen without a rebound.
6:28 of 3rd period - Christoffer Ehn wins face-off versus John Quenneville in Crunch zone.
6:35 of 3rd period - Snap shot by John Quenneville.
6:35 of 3rd period - Goal by John Quenneville - Crunch : 2 - Punishers : 5.
6:36 of 3rd period - Zack Hamill wins face-off versus Anthony Cirelli in neutral zone.
6:41 of 3rd period - Jeremy Lauzon is hit by Tyler Bertuzzi and loses puck.
6:52 of 3rd period - Wrist shot by William Nylander.
6:52 of 3rd period - Stopped by Louis Domingue without a rebound.
6:53 of 3rd period - Chrstian Dvorak wins face-off versus Dylan Strome in Punishers zone.
6:53 of 3rd period - Chrstian Dvorak is hit by Brendan Guhle.
7:05 of 3rd period - Snap shot by Carter Ashton.
7:05 of 3rd period - Stopped by Kaapo Kahkonen without a rebound.
7:06 of 3rd period - Zack Hamill wins face-off versus Anthony Cirelli in Crunch zone.
7:07 of 3rd period - Wrist shot by Tyler Bertuzzi.
7:07 of 3rd period - Shot Misses the Net.
7:09 of 3rd period - Snap shot by Tyler Bertuzzi.
7:09 of 3rd period - Shot Misses the Net.
7:36 of 3rd period - Slapshot by Jeremy Lauzon.
7:36 of 3rd period - Stopped by Louis Domingue without a rebound.
7:37 of 3rd period - Radek Faksa wins face-off versus Anthony Cirelli in Punishers zone.
7:37 of 3rd period - Radek Faksa is hit by Anthony Cirelli.
8:03 of 3rd period - Zack Hamill is hit by Brendan Guhle and loses puck.
8:32 of 3rd period - Kevin Fiala is hit by Nikita Gusev and loses puck.
8:37 of 3rd period - Wrist shot by Nikita Gusev.
8:37 of 3rd period - Stopped by Kaapo Kahkonen with a rebound.
9:16 of 3rd period - Snap shot by William Nylander.
9:16 of 3rd period - Shot Misses the Net.
9:18 of 3rd period - Wrist shot by Anthony Cirelli.
9:18 of 3rd period - Shot Blocked by Chrstian Dvorak.
9:20 of 3rd period - Snap shot by Anthony Cirelli.
9:20 of 3rd period - Shot Misses the Net.
9:36 of 3rd period - Icing by Corey Tropp.
9:37 of 3rd period - Anthony Cirelli wins face-off versus Zack Hamill in Punishers zone.
9:44 of 3rd period - Wrist shot by Tyler Bertuzzi.
9:44 of 3rd period - Stopped by Kaapo Kahkonen with a rebound.
10:10 of 3rd period - Wrist shot by Nicolas Aube-Kubel.
10:10 of 3rd period - Stopped by Louis Domingue with a rebound.
10:14 of 3rd period - Snap shot by Teemu Hartikainen.
10:14 of 3rd period - Goal by Teemu Hartikainen - Crunch : 3 - Punishers : 5.
10:15 of 3rd period - Anthony Cirelli wins face-off versus Tyler Bertuzzi in neutral zone.
10:47 of 3rd period - Snap shot by Carter Ashton.
10:47 of 3rd period - Shot Misses the Net.
11:05 of 3rd period - Slapshot by Anton Blidh.
11:05 of 3rd period - Goal by Anton Blidh - Crunch : 3 - Punishers : 6.
11:06 of 3rd period - Zack Hamill wins face-off versus Anthony Cirelli in neutral zone.
11:31 of 3rd period - Corey Tropp is hit by Christoffer Ehn and loses puck.
11:54 of 3rd period - Slapshot by Brett Kulak.
11:54 of 3rd period - Stopped by Kaapo Kahkonen with a rebound.
11:56 of 3rd period - Slapshot by Radek Faksa.
11:56 of 3rd period - Stopped by Kaapo Kahkonen with a rebound.
11:58 of 3rd period - Slapshot by Ben Betker.
11:58 of 3rd period - Shot Blocked by Teemu Hartikainen.
12:00 of 3rd period - Snap shot by Brett Kulak.
12:00 of 3rd period - Stopped by Kaapo Kahkonen without a rebound.
12:01 of 3rd period - Radek Faksa wins face-off versus Anthony Cirelli in Crunch zone.
12:04 of 3rd period - Snap shot by Radek Faksa.
12:04 of 3rd period - Stopped by Kaapo Kahkonen with a rebound.
12:06 of 3rd period - Wrist shot by Radek Faksa.
12:06 of 3rd period - Stopped by Kaapo Kahkonen without a rebound.
12:07 of 3rd period - Anthony Cirelli wins face-off versus Radek Faksa in Crunch zone.
12:12 of 3rd period - Wrist shot by Brendan Guhle.
12:12 of 3rd period - Stopped by Louis Domingue with a rebound.
12:40 of 3rd period - Wrist shot by Tyler Bertuzzi.
12:40 of 3rd period - Shot Misses the Net.
12:54 of 3rd period - Slapshot by Anatoli Golyshev.
12:54 of 3rd period - Stopped by Louis Domingue with a rebound.
13:14 of 3rd period - Brett Kulak is hit by Connor Bunnaman and loses puck.
13:23 of 3rd period - Snap shot by Dalton Smith.
13:23 of 3rd period - Stopped by Louis Domingue with a rebound.
14:45 of 3rd period - Backhand shot by Daniel Audette.
14:45 of 3rd period - Shot Misses the Net.
14:47 of 3rd period - Slapshot by Noah Juulsen.
14:47 of 3rd period - Stopped by Kaapo Kahkonen without a rebound.
14:48 of 3rd period - Zack Hamill wins face-off versus Anthony Cirelli in Crunch zone.
15:13 of 3rd period - Slapshot by Artem Zub.
15:13 of 3rd period - Stopped by Kaapo Kahkonen with a rebound.
15:19 of 3rd period - Snap shot by Chrstian Dvorak.
15:19 of 3rd period - Shot Blocked by Brendan Guhle.
15:23 of 3rd period - Wrist shot by Radek Faksa.
15:23 of 3rd period - Deflect By Chrstian Dvorak.
15:23 of 3rd period - Shot Misses the Net.
15:23 of 3rd period - Puck is out of play.
15:24 of 3rd period - Zack Hamill wins face-off versus Anthony Cirelli in Crunch zone.
16:15 of 3rd period - Wrist shot by Dalton Smith.
16:15 of 3rd period - Shot Hit the Post.
16:17 of 3rd period - Slapshot by Jeremy Lauzon.
16:17 of 3rd period - Shot Blocked by Nikita Gusev.
16:23 of 3rd period - Ben Betker is hit by Mitch Callahan and loses puck.
16:38 of 3rd period - Snap shot by Anthony Cirelli.
16:38 of 3rd period - Goal by Anthony Cirelli - Crunch : 4 - Punishers : 6.
16:39 of 3rd period - Zack Hamill wins face-off versus Christoffer Ehn in neutral zone.
16:42 of 3rd period - Slapshot by Artem Zub.
16:42 of 3rd period - Stopped by Kaapo Kahkonen with a rebound.
16:52 of 3rd period - Slapshot by Kevin Fiala.
16:52 of 3rd period - Shot Misses the Net.
16:54 of 3rd period - Snap shot by Christoffer Ehn.
16:54 of 3rd period - Shot Misses the Net.
17:52 of 3rd period - Icing by Christoffer Ehn.
17:53 of 3rd period - John Quenneville wins face-off versus Christoffer Ehn in Crunch zone.
17:54 of 3rd period - Wrist shot by Nikita Gusev.
17:54 of 3rd period - Shot Misses the Net.
18:02 of 3rd period - Slapshot by Noah Hanifin.
18:02 of 3rd period - Shot Blocked by Connor Clifton.
18:04 of 3rd period - Slapshot by Brendan Guhle.
18:04 of 3rd period - Stopped by Louis Domingue without a rebound.
18:05 of 3rd period - Christoffer Ehn wins face-off versus John Quenneville in Punishers zone.
18:10 of 3rd period - Wrist shot by Kevin Fiala.
18:10 of 3rd period - Stopped by Louis Domingue without a rebound.
18:11 of 3rd period - John Quenneville wins face-off versus Christoffer Ehn in Punishers zone.
18:36 of 3rd period - Slapshot by Anton Blidh.
18:36 of 3rd period - Shot Blocked by Anthony Cirelli.
18:44 of 3rd period - Snap shot by Anton Blidh.
18:44 of 3rd period - Deflect By Michael Joly.
18:44 of 3rd period - Shot Blocked by Sean Walker.
18:44 of 3rd period - Puck is out of play.
18:45 of 3rd period - Daniel Audette wins face-off versus Christoffer Ehn in Crunch zone.
19:20 of 3rd period - Snap shot by Anton Blidh.
19:20 of 3rd period - Stopped by Kaapo Kahkonen with a rebound.
19:22 of 3rd period - Slapshot by Noah Juulsen.
19:22 of 3rd period - Stopped by Kaapo Kahkonen with a rebound.
19:24 of 3rd period - Snap shot by Noah Juulsen.
19:24 of 3rd period - Goal by Noah Juulsen - Crunch : 4 - Punishers : 7.
19:25 of 3rd period - Anthony Cirelli wins face-off versus Zack Hamill in neutral zone.
19:51 of 3rd period - Minor Penalty to Brendan Guhle for Hooking.
19:52 of 3rd period - Anthony Cirelli wins face-off versus Zack Hamill in Crunch zone.
Goals for this period are 2 for Crunch vs 5 for Punishers.
Shots for this period are 11 for Crunch vs 23 for Punishers.
Output by the SimonT Hockey Simulator (STHS) for Francois Prevost